 Dungeon Crawl Stone Soup version 0.23.2-1-ga50397a (webtiles) character file.

Game seed: 16256309967329285045

63 Fang the Skirmisher (level 4, -4/43 HPs)
             Began as a Gargoyle Berserker on Apr 23, 2019.
             Was a Believer of Trog.
             Slain by an ogre
             ... wielding a +0 giant club
              (12 damage)
             ... on level 3 of the Dungeon.
             The game lasted 00:02:27 (1929 turns).

Fang the Skirmisher (Gargoyle Berserker)            Turns: 1929, Time: 00:02:28

Health: -4/43      AC: 12    Str: 26    XL:     4   Next: 9%
Magic:  4/4        EV:  9    Int:  8    God:    Trog [**....]
Gold:   118        SH:  0    Dex:  9    Spells: 3/3 levels left

rFire    . . .     SeeInvis .   a - +0 hand axe
rCold    . . .     Gourm    .   (no shield)
rNeg     + . .     Faith    .   b - +0 chain mail
rPois    ∞         Spirit   .   (no helmet)
rElec    +         Reflect  .   (no cloak)
rCorr    .         Harm     .   (no gloves)
MR       .....                  (no boots)
Stlth    ..........             (no amulet)
HPRegen  0.14/turn              (no ring)
MPRegen  0.09/turn              (no ring)

@: berserking, very quick
A: negative energy resistance 1, electricity resistance, unbreathing,
petrification resistance, rot immunity, AC +3
a: Berserk, Trog's Hand, Renounce Religion


You were on level 3 of the Dungeon.
You worshipped Trog.
Trog was pleased with you.
You were very hungry.

You visited 1 branch of the dungeon, and saw 3 of its levels.

You collected 118 gold pieces.

Inventory:

Hand Weapons
 a - a +0 hand axe (weapon)
Armour
 b - a +0 chain mail (worn)
Scrolls
 d - a scroll of remove curse {unknown}
 e - a scroll of enchant weapon {unknown}
 f - 2 scrolls of amnesia {unknown}
 h - 5 scrolls of identify {unknown}
 j - a scroll of noise {unknown}
 k - 2 scrolls of teleportation {unknown}
Potions
 g - a potion of mutation {unknown}
 i - a potion of might {unknown}
 m - 6 potions of curing {unknown}
 n - a potion of cancellation {unknown}
Comestibles
 c - 8 rations
 l - 6 chunks of flesh


   Skills:
 + Level 3.8 Fighting
 + Level 3.1 Axes
 + Level 3.0 Armour
 + Level 2.2 Dodging


You had 3 spell levels left.
You didn't know any spells.
Your spell library was empty.

Dungeon Overview and Level Annotations

Branches:
Dungeon (3/15)

Altars:


Innate Abilities, Weirdness & Mutations

You are resistant to torment.
Your stone body is resilient. (AC +3)
You are immune to poison.
You resist negative energy. (rN+)
You are resistant to electric shocks. (rElec)
You can survive without breathing.
You are immune to petrification.
You are immune to rotting.


Message History

h - 5 scrolls labeled SUESTR SUUFU (gained 1) HP restored.
c - 8 rations (gained 1)
You hear the brisk rusting of a distant drain.
An ogre comes into view. It is wielding a +0 giant club.
The ogre shouts!
An ogre is nearby!
An ogre is nearby!
No target in view!
The ogre is too close now for your liking.
The ogre hits you with a +0 giant club!!
Ouch! That really hurt!
* * * LOW HITPOINT WARNING * * *
A red film seems to cover your vision as you go berserk!
You feel yourself moving faster!
You feel mighty!
You are feeling very hungry.
You hit the ogre.
The ogre is lightly wounded.
The ogre hits you with a +0 giant club!
You die...

..... #.##.# #....
#.##.# .... ####.##.# .
#..# ##.##.##.# .. #..#
##.#.#.....
...#####..####.###.###.#
............## ##.##.#
#..#...###.###.###.#
#.O@....###.#.## #.#
#..#...## ##.## #.#
........## #.# #.#
#......#### #.. ..#
#.####. #### ### # #. ..
##


You could see an ogre.

Vanquished Creatures
  An ooze (D:3)
  2 worms (D:2)
  2 dart slugs (D:2)
  2 leopard geckos (D:2)
  An orc (D:3)
  3 giant cockroaches
  5 goblins
  5 hobgoblins
  4 jackals (D:3)
  A quokka (D:2)
  5 bats
  3 frilled lizards
  7 kobolds (D:1)
41 creatures vanquished.

Notes
Turn   | Place    | Note
-------+----------+-------------------------------------------
     0 | D:1      | Fang the Gargoyle Berserker began the quest for the Orb.
     0 | D:1      | Reached XP level 1. HP: 14/14 MP: 1/1
   473 | D:1      | Reached XP level 2. HP: 16/19 MP: 2/2
  1080 | D:2      | Reached XP level 3. HP: 23/23 MP: 3/3
  1799 | D:3      | Reached XP level 4. HP: 29/29 MP: 4/4
  1887 | D:3      | Reached ** piety under Trog
  1924 | D:3      | Noticed an ogre
  1929 | D:3      | Slain by an ogre

Skill      XL: |  1  2  3 |
---------------+----------+-----
Axes           | 3 |  3.1
Dodging        | 2 |  2.2
Armour         | 3 |  3.0
Fighting       | |  3.8

Action                   |  1- 3 |  4- 6 || total
-------------------------+-------+-------++-------
Melee: Hand axe          |   155 |    22 ||   177
Invok: Berserk           |       |     1 ||     1
  Eat: Chunk             |     3 |       ||     3
Armor: Chain mail        |    87 |    19 ||   106
       Animal skin       |     3 |       ||     3
Dodge: Dodged            |    58 |     8 ||    66
